 Dungeon Crawl Stone Soup version 0.31.0-32-g396128a36d (webtiles) character file.

Game seed: 3742585014445649593

7162 PaiMei the Scholar of Death (level 10, -3/69 (80) HPs)
             Began as a Demonspawn Necromancer on Apr 23, 2024.
             Was a Follower of Kikubaaqudgha.
             Slain by a gargoyle
             ... wielding a +0 mace
              (12 damage)
             ... on level 10 of the Dungeon.
             The game lasted 00:27:46 (19034 turns).

PaiMei the Scholar of Death (DsNe)                 Turns: 19034, Time: 00:27:46

HP:   -3/69 (80)    AC: 23    Str:  6 (8)  XL:     10   Next: 86%
MP:   22/22         EV: 12    Int: 16 (19) God:    Kikubaaqudgha [*.....]
Gold: 816           SH:  0    Dex:  7 (11) Spells: 8/25 levels left

rFire   . . .        G - +2 scimitar (protect)
rCold   . . .        (no shield)
rNeg    . . .        x - +3 leather armour
rPois   +            A - +2 helmet
rElec   .            m - +2 cloak
rCorr   .            (no gloves)
SInv    +            J - +0 pair of boots
Will    .....        (no amulet)
Stlth   +            v - ring of see invisible
HPRegen 0.31/turn    C - ring of poison resistance
MPRegen 0.18/turn

%: no passive effects
@: under a protective aura, heavily drained
A: molten scales 2, ignite blood 1, spiny 1, clumsy 1, weak 1
a: Renounce Religion, Unearth Wretches


You were on level 10 of the Dungeon.
You worshipped Kikubaaqudgha.
Kikubaaqudgha was aware of your devotion.
You visited 2 branches of the dungeon, and saw 11 of its levels.
You also visited: Sewer.

You collected 816 gold pieces.

Inventory:

Hand Weapons
 l - a +2 dagger of venom
 G - a +2 scimitar of protection (weapon)
 I - a +1 war axe of freezing
Missiles
 e - a throwing net
 q - 2 curare-tipped darts
 u - 43 poisoned darts (quivered)
Armour
 m - a +2 cloak (worn)
 x - a +3 leather armour (worn)
 z - a +0 cloak of poison resistance
 A - a +2 helmet (worn)
 B - an orb of guile
 J - a +0 pair of boots (worn)
Jewellery
 i - a ring of fire
 v - a ring of see invisible (left hand)
 C - a ring of poison resistance (right hand)
Wands
 a - a wand of flame (23)
 E - a wand of polymorph (10)
Scrolls
 f - 2 scrolls of revelation
 h - a scroll of amnesia
 j - 3 scrolls of teleportation
 k - 3 scrolls of blinking
 n - a scroll of immolation
 p - 4 scrolls of fear
 s - a scroll of vulnerability {unknown}
 y - a scroll of noise {unknown}
 F - a scroll of torment {unknown}
Potions
 b - 6 potions of magic
 c - 3 potions of attraction
 d - a potion of heal wounds
 r - 5 potions of haste
 t - a potion of brilliance {unknown}
 w - 2 potions of curing
 D - a potion of mutation {unknown}
 K - 2 potions of cancellation
 L - a potion of invisibility {unknown}
Miscellaneous
 H - a tin of tremorstones (2/2)


   Skills:
 + Level 8.3 Fighting
 + Level 8.0 Dodging
 - Level 2.0 Stealth
 + Level 8.0 Spellcasting
 + Level 10.2 Necromancy


You had 8 spell levels left.
You knew the following spells:

 Your Spells              Type           Power      Damage    Failure   Level
a - Necrotise             Necr           100%       1d9       1%          1
b - Vampiric Draining     Necr           39%        2d8       1%          3
c - Animate Dead          Necr           39%        N/A       2%          4
d - Curse of Agony        Necr           39%        N/A       7%          5
e - Dispel Undead         Necr           39%        3d16      2%          4

Your spell library contained the following spells:

 Spells                   Type           Power      Damage    Failure   Level
 Fugue of the Fallen      Necr           39%        N/A       1%          3
 Kiss of Death            Conj/Necr      88%        2d12      2%          1
 Cigotuvi's Dreadful Rot  Necr/Alch/Air  34%        N/A       6%          2
 Anguish                  Hex/Necr       11%        N/A       22%         4
 Ensorcelled Hibernation  Hex/Ice        12%        N/A       26%         2
 Confusing Touch          Hex            6%         N/A       45%         3
 Ozocubu's Armour         Ice            6%         N/A       45%         3
 Metabolic Englaciation   Hex/Ice        3%         N/A       99%         5
 Sculpt Simulacrum        Ice/Alch       3%         N/A       100%        6


Dungeon Overview and Level Annotations

Branches:
Dungeon (10/15)            Temple (1/1) D:5           Sewer (visited)
   Lair: D:8-11         Orc: D:9-12

Altars:
Ashenzari
Cheibriados
Dithmenos
Fedhas
Gozag
Hepliaklqana
Kikubaaqudgha
Makhleb
Nemelex Xobeh
Okawaru
Qazlal
Ru
Sif Muna
Trog
Uskayaw
Vehumet
Wu Jian
Xom
Yredelemnul

Shops:
D:1 [   D:2 =

Annotations:
D:3 Ijyb


Innate Abilities, Weirdness & Mutations

You are mostly covered in molten scales. (AC +3)
Your demonic aura sometimes causes spilled blood to erupt in flames.
You are partially covered in sharp spines.
You are clumsy. (Dex -2)
You are weak. (Str -2)


Message History

The gargoyle hurls a stone arrow at you.
The stone arrow hits you!!
You barely miss the gargoyle.
The gargoyle is moderately damaged.
The gargoyle hits you but does no damage.
You barely miss the gargoyle.
The gargoyle is moderately damaged.
The gargoyle hurls a stone arrow at you.
The stone arrow misses you. The gargoyle closely misses you.
You closely miss the gargoyle.
The gargoyle is moderately damaged.
The gargoyle is struck by your spines. The gargoyle barely misses you.
You barely miss the gargoyle.
The gargoyle is moderately damaged.
The gargoyle hits you with a +0 mace.
You barely miss the gargoyle.
The gargoyle is moderately damaged.
The gargoyle hits you with a +0 mace.
The gargoyle hurls a stone arrow at you.
The stone arrow hits you!
* * * LOW HITPOINT WARNING * * *
You hit the gargoyle but do no damage.
Your weapon exudes an aura of protection.
The gargoyle is moderately damaged.
The gargoyle hits you but does no damage.
You hit the gargoyle.
The gargoyle is heavily damaged.
The gargoyle hits you with a +0 mace!
* * * LOW HITPOINT WARNING * * *
The gargoyle hits you with a +0 mace.
* * * LOW HITPOINT WARNING * * *
You hit the gargoyle but do no damage.
The gargoyle is heavily damaged.
The gargoyle hurls a stone arrow at you.
The stone arrow hits you but does no damage.
You hit the gargoyle but do no damage.
The gargoyle is heavily damaged.
The gargoyle hits you with a +0 mace!
You die...
Kikubaaqudgha rasps: "You have failed me!
Welcome... death!"

#...# #..........# #...#
#..........#
#...####..........#
.###........)........#
.....................#
.###......................
....................#####.
......####..))..)..#
.....# #..@......#
#...####..9[.....#
#|......[..^....... .
#.....(............. ..
#..........####.....
...###...###....# ..###
.........# #....# .#
.........# #....#
........9# #....####..


You could see a gargoyle.

Vanquished Creatures
  A two-headed ogre (D:8)
  Pikel (D:5)
  A smoke demon (D:9)
  Maggie (D:9)
  2 kobold demonologists (D:9)
  A troll (D:8)
  6 yaks (D:8)
  A steam dragon (D:9)
  A chaos spawn (D:9)
  Edmund (D:5)
  2 water moccasins
  A sky beast (D:8)
  3 orc warriors
  An ice beast (D:5)
  A black bear (D:7)
  2 centaurs
  2 ogres (D:5)
  A lemure (D:5)
  5 kobold brigands
  3 bullfrogs
  5 scorpions
  5 wights (D:9)
  5 killer bees
  3 howler monkeys
  A quasit (D:9)
  A bombardier beetle (D:5)
  A gnoll bouda (D:7)
  6 hounds
  A jelly (D:8)
  4 orc priests
  Crazy Yiuf (D:6)
  An iguana (D:5)
  4 orc wizards (D:9)
  12 gnolls
  9 adders
  A shadow imp (D:7)
  3 white imps
  4 ribbon worms
  27 orcs
  12 ball pythons
  11 bats
  7 endoplasms
  7 giant cockroaches
  10 goblins
  4 hobgoblins
  7 jackals
  2 quokkas
  8 frilled lizards
  19 kobolds
  8 rats
226 creatures vanquished.

Vanquished Creatures (collateral kills)
  A scorpion (D:4)
  A giant cockroach (D:4)
  A jackal (D:4)
  A rat (D:2)
4 creatures vanquished.

Vanquished Creatures (others)
  An orc warrior (D:9)
  A goblin (D:3)
2 creatures vanquished.

Grand Total: 232 creatures vanquished

Notes
Turn   | Place    | Note
-------+----------+-------------------------------------------
     0 | D:1      | PaiMei the Demonspawn Necromancer began the quest for the
                  | Orb.
     0 | D:1      | Reached XP level 1. HP: 13/13 MP: 3/3
   235 | D:1      | Gained mutation: Your demonic aura sometimes causes spilled
                  | blood to erupt in flames. [demonic ancestry]
   235 | D:1      | Reached XP level 2. HP: 19/19 MP: 1/5
  1109 | D:1      | Found Buar's Armour Boutique.
  1144 | D:1      | Found a faded altar of an unknown god.
  1351 | D:2      | Reached skill level 1 in Fighting
  1351 | D:2      | Gained mutation: You are partially covered in molten
                  | scales. (AC +2) [demonic ancestry]
  1351 | D:2      | Reached XP level 3. HP: 26/26 MP: 1/6
  1355 | D:2      | Learned a level 3 spell: Vampiric Draining
  1772 | D:2      | Reached XP level 4. HP: 26/32 MP: 1/7
  2314 | D:2      | Found Koethryile's Jewellery Shop.
  2529 | D:3      | Reached skill level 5 in Necromancy
  2555 | D:3      | You fall into a shaft and drop 3 floors!
  2644 | D:6      | Noticed a bullfrog
  2656 | D:6      | Noticed a water moccasin
  2657 | D:6      | Noticed a scorpion
  2713 | D:6      | Found a runed translucent door.
  2823 | D:5      | Entered Level 5 of the Dungeon
  3045 | D:4      | Noticed a scorpion
  3104 | D:4      | Gained mutation: You are partially covered in sharp spines.
                  | [demonic ancestry]
  3104 | D:4      | Reached XP level 5. HP: 38/38 MP: 0/9
  3221 | D:4      | Found a glowing drain.
  3237 | Sewer    | Entered a sewer
  3665 | Sewer    | Reached XP level 6. HP: 41/46 MP: 2/11
  3868 | D:4      | Found a stormy altar of Qazlal.
  4153 | D:3      | Noticed Ijyb
  5493 | D:4      | Reached skill level 6 in Necromancy
  5668 | D:4      | Reached XP level 7. HP: 52/52 MP: 5/12
  7117 | D:5      | Found a hide-covered altar of Uskayaw.
  7510 | D:5      | Noticed Edmund
  7526 | D:5      | Reached XP level 8. HP: 61/61 MP: 7/14
  8291 | D:5      | Found a staircase to the Ecumenical Temple.
  8297 | D:5      | Reached skill level 7 in Necromancy
  8357 | Temple   | Entered the Ecumenical Temple
  8376 | Temple   | Became a worshipper of Kikubaaqudgha
  8427 | D:5      | Noticed Pikel
  8432 | D:5      | Killed Pikel
  8433 | D:5      | Reached skill level 5 in Fighting
  8433 | D:5      | Reached skill level 5 in Dodging
  8433 | D:5      | Reached skill level 5 in Spellcasting
  8573 | D:5      | Killed Edmund
  8901 | D:6      | Gained mutation: You are mostly covered in molten scales.
                  | (AC +3) [demonic ancestry]
  8901 | D:6      | Reached XP level 9. HP: 68/68 MP: 5/17
  9494 | D:6      | Noticed Crazy Yiuf
  9717 | D:6      | Killed Crazy Yiuf
  9874 | D:7      | Reached skill level 8 in Necromancy
 10064 | D:7      | Found an opulent altar of Gozag.
 10974 | D:7      | Learned a level 4 spell: Animate Dead
 10980 | D:7      | Learned a level 5 spell: Curse of Agony
 10985 | D:7      | Learned a level 4 spell: Dispel Undead
 11145 | D:8      | Found a basalt altar of Yredelemnul.
 11147 | D:8      | Found a hazy altar of Hepliaklqana.
 11425 | D:8      | Found a burning altar of Makhleb.
 11755 | D:8      | Reached * piety under Kikubaaqudgha
 11755 | D:8      | Received a gift from Kikubaaqudgha
 12105 | D:8      | Reached skill level 9 in Necromancy
 12280 | D:9      | Reached XP level 10. HP: 79/79 MP: 17/20
 12673 | D:9      | Noticed Maggie
 12684 | D:9      | Killed Maggie
 13415 | D:9      | Noticed a two-headed ogre
 13749 | D:8      | Killed a two-headed ogre
 14662 | D:9      | Noticed a soul eater
 14706 | D:9      | Noticed a smoke demon
 15022 | D:9      | Noticed an orange demon
 15169 | D:9      | Gained mutation: You are weak. (Str -2) [a neqoxec]
 15589 | D:9      | Noticed a sixfirhy
 15591 | D:9      | Reached skill level 10 in Necromancy
 16201 | D:9      | Gained mutation: You are clumsy. (Dex -2) [a neqoxec]
 16361 | D:9      | Killed a smoke demon
 16906 | D:10     | Entered Level 10 of the Dungeon
 17029 | D:10     | Noticed a gargoyle
 19034 | D:10     | Slain by a gargoyle

Illustrated notes

Levels and vault maps discovered:
D:1:      amcnicky_arrival_single_pillar, layout_loops_corners,
          hellmonk_ecumenical_altar_arch_garden, serial_shops,
          nicolae_shop_pleasant_corner_grove, nicolae_figureground_pulse
D:2:      layout_loops_ring, serial_shops, shop, minmay_split_cup_small
D:3:      kennysheep_the_goblin_king, layout_loops_cross,
          general_overflow_altar, amcnicky_mini_rare_corridor_liquid,
          nicolae_concentric_dashed_squares_wild
D:4:      layout_layer_cave, grunt_qazlal_clouds, cheibrodos_sewer_entry_sluice,
          nicolae_ossuary_entry_ruins, kennysheep_small_circle
D:5:      layout_layer_cave, lemuel_doored_altar,
          minmay_temple_entry_antechambers, uniq_edmund, uniq_pikel, uniq_ijyb
D:6:      layout_basic, mainiacjoe_overflow_catwalk, hangedman_decor_points,
          uniq_crazy_yiuf_cottage
D:7:      layout_basic, mainiacjoe_overflow_24_doors
D:8:      layout_basic, chequers_temple_overflow_statue_of_worship,
          amcnicky_altar_gilded
D:9:      layout_layer_cave, serial_demonic, serial_demonic_f, serial_demonic_c,
          serial_demonic_c, serial_demonic_b, uniq_maggie
D:10:     layout_small_grid, gammafunk_ghost_grave, uniq_gastronok,
          uniq_josephine
Temple:   eino_temple_water

Skill      XL: |  1  2  3  4  5  6  7  8  9 10 |
---------------+-------------------------------+-----
Dodging        | 2 3 4 5 6 8 |  8.0
Stealth        | 2 |  2.0
Fighting       | 1 2 3 4 5 7 8 |  8.3
Necromancy     | 5 6 7 9 10 | 10.2
Spellcasting   | 3 4 5 6 8 |  8.0

Action                     |  1- 3 |  4- 6 |  7- 9 | 10-12 || total
---------------------------+-------+-------+-------+-------++-------
  Melee: Unarmed           |     1 |       |       |       ||     1
         Mace              |    13 |       |       |       ||    13
         Dagger            |       |     9 |    72 |    39 ||   120
         Scimitar          |       |       |       |    28 ||    28
         War axe           |       |       |       |     5 ||     5
         Punch             |       |       |       |     1 ||     1
   Cast: Necrotise         |    70 |   130 |    97 |    22 ||   319
         Vampiric Draining |       |     7 |    58 |    58 ||   123
         Dispel Undead     |       |       |       |     5 ||     5
         Curse of Agony    |       |       |       |     2 ||     2
         Animate Dead      |       |       |       |     1 ||     1
  Evoke: Wand              |       |       |       |     6 ||     6
    Use: Scroll            |       |       |       |     9 ||     9
         Potion            |       |       |       |     5 ||     5
   Stab: Distracted        |     1 |       |       |       ||     1
 Armour: Robe              |    23 |    34 |     5 |       ||    62
         Leather armour    |       |       |    80 |   129 ||   209
  Dodge: Dodged            |    20 |    29 |    73 |   102 ||   224
